[Event "Late-Titled-Tuesday-Blitz-April-02-2024"]
[Site "Chess.com"]
[Date "2024.04.02"]
[Round "6"]
[White "Evgeny81"]
[Black "biostatistician"]
[Result "1-0"]
[WhiteElo "2754"]
[BlackElo "2545"]
[TimeControl "180+1"]
[EndTime "15:02:37 PDT"]
[Termination "Evgeny81 won on time"]

1. e4 e5 2. Nc3 Nf6 3. g3 Nc6 4. Bg2 Bc5 5. Nge2 d6 6. O-O h5 7. d3 h4 8. Bg5 hxg3 9. hxg3 Bg4 10. Nd5 Nd4 11. Nxd4 Bxd1 12. Nf5 Bg4 13. Nxg7+ Kf8 14.
Bxf6 Qd7 15. b4 Bh3 16. Nf5 Bxf5 17. Bxh8 Bh3 18. bxc5 Bxg2 19. Kxg2 c6 20. Ne3 Re8 21. Rh1 Re6 22. cxd6 Qxd6 23. Bg7+ Ke8 24. Rh8+ Kd7 25.
Rb1 b6 26. Ra8 Qc7 27. Nf5 1-0

[Event "Late-Titled-Tuesday-Blitz-April-02-2024"]
[Site "Chess.com"]
[Date "2024.04.02"]
[Round "6"]
[White "Inepton_Fermion"]
[Black "lcmil"]
[Result "1-0"]
[WhiteElo "2460"]
[BlackElo "2274"]
[TimeControl "180+1"]
[EndTime "15:02:39 PDT"]
[Termination "Inepton_Fermion won by resignation"]

1. d4 Nf6 2. Nc3 d5 3. Bg5 c5 4. Bxf6 gxf6 5. e3 cxd4 6. exd4 Nc6 7. Qh5 e6 8. Nf3 Bb4 9. Bd3 Qa5 10. O-O Bxc3 11.
bxc3 Qxc3 12. Qh4 Ke7 13. Rab1 b6 14. Rb3 Qa5 15. Ne5 Nxd4 16. Ng4 Nxb3 17. Qxf6+ Kd6 18.
Qxh8 Nc5 19. Bxh7 Bb7 20. Qe5+ Ke7 21. Qf6+ Ke8 22. Ne5 1-0

[Event "Late-Titled-Tuesday-Blitz-April-02-2024"]
[Site "Chess.com"]
[Date "2024.04.02"]
[Round "6"]
[White "cedchass2006"]
[Black "Kostukov_Alex"]
[Result "1-0"]
[WhiteElo "2423"]
[BlackElo "2288"]
[TimeControl "180+1"]
[EndTime "15:02:40 PDT"]
[Termination "cedchass2006 won on time"]

1. e4 c5 2. Nf3 g6 3. d4 cxd4 4. Qxd4 Nf6 5. Nc3 Nc6 6. Qa4 d6 7. e5 dxe5 8. Nxe5 Bg7 9. Bb5 O-O 10. Nxc6 bxc6 11. Bxc6 Bd7 12. O-O Bxc6 13. Qxc6 Rc8 14. Qa6 Qc7 15. h3 e6 16. Be3 Rb8 17. Nb5 Qxc2 18. Nxa7 Nd5 19. Nc6 Nxe3 20. fxe3 Rxb2 21.
Ne7+ Kh8 22. Qc6 Rxa2 23. Rxa2 Qxa2 24. Qd6 Qb2 25. Kh1 Be5 26. Nxg6+ hxg6 27. Qxf8+ Kh7 28. Rxf7+ Bg7 29. Qxg7+ Qxg7 30. Rxg7+ Kxg7 31. Kh2 Kf6 32. Kg3 Kf5 33. Kf3 e5 34. g4+ Kg5 35. Kg3 1-0

[Event "Late-Titled-Tuesday-Blitz-April-02-2024"]
[Site "Chess.com"]
[Date "2024.04.02"]
[Round "6"]
[White "Rodalquilar"]
[Black "Durarbayli"]
[Result "1-0"]
[WhiteElo "2750"]
[BlackElo "2914"]
[TimeControl "180+1"]
[EndTime "15:02:43 PDT"]
[Termination "Rodalquilar won by resignation"]

1. d4 Nf6 2. Nf3 b6 3. Bf4 Bb7 4. e3 Nh5 5. Bg5 h6 6. Bh4 g5 7.
Bg3 Nxg3 8. hxg3 Bg7 9. Bd3 c5 10. c3 d5 11. Nbd2 Nc6 12. Qe2 Qd6 13. Ba6 O-O-O 14.
Bxb7+ Kxb7 15. Qb5 e5 16. dxc5 Qxc5 17. Qxc5 bxc5 18. e4 f5 19. exd5 Rxd5 20. Nc4 e4 21.
Nfd2 Rhd8 22. O-O-O Rd3 23. g4 fxg4 24. Nxe4 Rxd1+ 25. Rxd1 Rxd1+ 26. Kxd1 Bf8 27. Nf6 g3 28. fxg3 Kc7 29.
Ke2 Ne7 30. Kf3 Bg7 31. Ne8+ Kc6 32. Nxg7 Kd5 33. b3 1-0

[Event "Late-Titled-Tuesday-Blitz-April-02-2024"]
[Site "Chess.com"]
[Date "2024.04.02"]
[Round "6"]
[White "Janh4"]
[Black "romulocardoso"]
[Result "0-1"]
[WhiteElo "2167"]
[BlackElo "2407"]
[TimeControl "180+1"]
[EndTime "15:02:43 PDT"]
[Termination "romulocardoso won by resignation"]

1. d4 Nf6 2. Nc3 d5 3. Bf4 e6 4. Nb5 Na6 5. e3 c6 6. Nc3 Bd6 7. Bg3 O-O 8. Nf3 Nc7 9. Ne5 Ne4 10. Nxe4 dxe4 11. Be2 f6 12. Nc4 Bxg3 13. hxg3 b5 14. Nd2 f5 15. c4 a6 16. Qc2 Bb7 17. g4 Qg5 18. Rh5 Qg6 19. gxf5 exf5 20. O-O-O h6 21. Rdh1 Ne6 22. g4 c5 23. d5 Ng5 24. Qb3 fxg4 25. Bxg4 Rxf2 26. cxb5 c4 27. Qb4 Bxd5 28. bxa6 Rxa6 29. Qb8+ Kh7 30. Qg3 Qf6 31. Nb1 Qxb2+ 0-1

[Event "Late-Titled-Tuesday-Blitz-April-02-2024"]
[Site "Chess.com"]
[Date "2024.04.02"]
[Round "6"]
[White "Ar4uha"]
[Black "smotherhubbard"]
[Result "0-1"]
[WhiteElo "2587"]
[BlackElo "2395"]
[TimeControl "180+1"]
[EndTime "15:02:45 PDT"]
[Termination "smotherhubbard won by resignation"]

1. e4 e6 2. d4 d5 3. e5 c5 4. dxc5 Nc6 5. Nf3 Bxc5 6. Bd3 f6 7. Bf4 Qb6 8. O-O Qxb2 9. Nbd2 Qb6 10. Nb3 Be7 11.
c4 fxe5 12. Nxe5 Nxe5 13. Bxe5 Nf6 14. c5 Qd8 15. Rc1 O-O 16. Re1 Bd7 17. Nd4 Rc8 18. Bxf6 Rxf6 19. Nb3 Ba4 20. Qg4 Bxb3 21. axb3 Bxc5 22.
Rc2 Qb6 23. Ree2 Bxf2+ 24. Rxf2 Rxc2 25. Bxh7+ 0-1

[Event "Late-Titled-Tuesday-Blitz-April-02-2024"]
[Site "Chess.com"]
[Date "2024.04.02"]
[Round "6"]
[White "Supelyel"]
[Black "Zq1"]
[Result "0-1"]
[WhiteElo "2424"]
[BlackElo "2622"]
[TimeControl "180+1"]
[EndTime "15:02:48 PDT"]
[Termination "Zq1 won by resignation"]

1. c4 c5 2. g3 g6 3. Bg2 Bg7 4. Nc3 Nc6 5. Nf3 e6 6. O-O Nge7 7. d3 O-O 8. Bg5 h6 9. Bxe7 Qxe7 10. Qc2 b6 11. a3 Bb7 12. Rab1 Rac8 13. e3 Rfd8 14. Rfc1 d5 15. cxd5 exd5 16. e4 Nd4 17. Nxd4 cxd4 18.
Nxd5 Rxd5 19. Qxc8+ Bxc8 20. exd5 Bf5 21. Re1 Qd7 22.
Rbd1 h5 23. h4 a5 24. Rd2 Bf6 25. Rc1 Kg7 26. Rc6 b5 27. Ra6 a4 28. d6 Be5 29.
Rc2 Bxd6 30. Rb6 Bxd3 31. Rd2 Bc7 32. Rb7 Bc4 33. Bf1 Qd6 34. Bxc4 bxc4 35. Rb4 Ba5 0-1

[Event "Late-Titled-Tuesday-Blitz-April-02-2024"]
[Site "Chess.com"]
[Date "2024.04.02"]
[Round "6"]
[White "OlaaLa"]
[Black "AllStarShark"]
[Result "0-1"]
[WhiteElo "2358"]
[BlackElo "2527"]
[TimeControl "180+1"]
[EndTime "15:02:49 PDT"]
[Termination "AllStarShark won by resignation"]

1. e4 c5 2. Nf3 g6 3. d4 cxd4 4.
Qxd4 Nf6 5. e5 Nc6 6. Qa4 Nd5 7.
Qb3 e6 8. Nbd2 Bg7 9. Nc4 O-O 10.
Be3 Nxe3 11. Qxe3 d5 12. exd6 b5 13. Ncd2 Bxb2 14. Rb1 Bg7 15. Bxb5 Qxd6 16. O-O Nd4 17. Bd3 Nxf3+ 18. Qxf3 Ba6 19. Ne4 Qa3 20. Rb3 Qxa2 21. Ng5 Bxd3 22. Qxd3 Rac8 23. Qh3 h6 24. c4 hxg5 0-1

[Event "Late-Titled-Tuesday-Blitz-April-02-2024"]
[Site "Chess.com"]
[Date "2024.04.02"]
[Round "6"]
[White "Sanyura"]
[Black "stasOR4ik"]
[Result "1-0"]
[WhiteElo "2622"]
[BlackElo "2427"]
[TimeControl "180+1"]
[EndTime "15:02:52 PDT"]
[Termination "Sanyura won by resignation"]

1. e4 c6 2. d4 d5 3. e5 c5 4. Nf3 Bg4 5. Bb5+ Nd7 6. O-O e6 7. c3 Ne7 8. h3 Bxf3 9. Qxf3 Nc6 10. Be3 Qb6 11. Bxc6 bxc6 12. b3 cxd4 13. cxd4 c5 14. Rd1 cxd4 15. Bxd4 Bc5 16. Bxc5 Qxc5 17. Qg3 O-O 18. Nc3 Qc7 19. f4 f6 20. Rac1 fxe5 21. Nxd5 Qd8 22. Nc7 exf4 23. Qg4 Qe7 24. Nxa8 Rxa8 25.
Rc7 Rd8 26. Qxf4 e5 27. Qd2 e4 28. Rxd7 1-0

[Event "Late-Titled-Tuesday-Blitz-April-02-2024"]
[Site "Chess.com"]
[Date "2024.04.02"]
[Round "6"]
[White "WindWhistler11"]
[Black "ricaurtelopezj1955"]
[Result "1-0"]
[WhiteElo "2445"]
[BlackElo "2178"]
[TimeControl "180+1"]
[EndTime "15:02:54 PDT"]
[Termination "WindWhistler11 won on time"]

1. Nf3 d5 2. g3 Bg4 3. h3 Bxf3 4.
exf3 e5 5. Bg2 Nf6 6. b3 Bd6 7. Bb2 O-O 8. O-O Nc6 9. Re1 Re8 10. d3 Qd7 11. a3 a6 12. Nd2 Re7 13. Rc1 Rae8 14. c4 dxc4 15. dxc4 Bc5 16. b4 Bd4 17. Qb3 Bxf2+ 18. Kxf2 Qxd2+ 19. Re2 Qg5 20. Rce1 Kf8 21.
b5 Nd4 22. Bxd4 exd4 23. Qb4 Nd7 24. f4 Qc5 25. Rxe7 Rxe7 26. Rxe7 Kxe7 27. Qe1+ Kd6 28. Bxb7 axb5 29. cxb5 Qxb5 30. Qe4 Nf6 31. Qf3 Qb2+ 32. Kg1 Qc1+ 33. Kh2 Qd2+ 34. Kg1 Qe1+ 35. Kg2 Qd2+ 36. Kg1 Qe1+ 37. Kh2 Qd2+ 38. Kh1 Qe1+ 39. Kg2 Qd2+ 40. Qf2 Qxf2+ 41. Kxf2 Kc5 42. Ke2 Kc4 43. Bf3 Kc3 44. Kd1 d3 45. a4 1-0

[Event "Late-Titled-Tuesday-Blitz-April-02-2024"]
[Site "Chess.com"]
[Date "2024.04.02"]
[Round "6"]
[White "ChessBrainiacOnTwitch"]
[Black "gorgeous1083"]
[Result "1-0"]
[WhiteElo "2817"]
[BlackElo "2261"]
[TimeControl "180+1"]
[EndTime "15:02:55 PDT"]
[Termination "ChessBrainiacOnTwitch won by checkmate"]

1. e4 e6 2. d4 d5 3. e5 c5 4. c3 Qb6 5. Nf3 Nc6 6. a3 Nh6 7. b4 cxb4 8. cxb4 Nf5 9. Bb2 h5 10. Bd3 Be7 11. O-O a6 12. Bxf5 exf5 13. Nc3 Be6 14.
Na4 Qd8 15. Nc5 Bxc5 16. dxc5 h4 17. h3 Qe7 18. Qd2 Rd8 19. a4 Rg8 20. b5 Nb8 21. Ba3 Qc7 22. Nd4 g5 23. Rfe1 g4 24. Kh1 Rg6 25. Qf4 Qa5 26. c6 bxc6 27. bxc6 Rc8 28.
hxg4 Rxg4 29. Qh6 Rxc6 30. Qf8+ Kd7 31. Nxc6 Nxc6 32. Qd6+ Ke8 33. Qxc6+ Kd8 34. Rac1 h3 35. Qd6+ Ke8 36. Qe7# 1-0

[Event "Late-Titled-Tuesday-Blitz-April-02-2024"]
[Site "Chess.com"]
[Date "2024.04.02"]
[Round "6"]
[White "Viktoker"]
[Black "Bryanl106"]
[Result "0-1"]
[WhiteElo "2517"]
[BlackElo "2679"]
[TimeControl "180+1"]
[EndTime "15:02:58 PDT"]
[Termination "Bryanl106 won by resignation"]

1. e4 e5 2. Nf3 Nc6 3. Bc4 Nf6 4. d3 Bc5 5. Be3 Bxe3 6. fxe3 O-O 7. O-O d5 8. exd5 Nxd5 9. Qe2 Be6 10. a4 a5 11. Nbd2 Kh8 12. h3 f6 13. Rf2 Qe7 14.
c3 Rad8 15. Raf1 Nb6 16. Bxe6 Qxe6 17. b3 Nd5 18. Ne4 f5 19. Nc5 Qe7 20. b4 Nxc3 21. Qc2 axb4 22. d4 b6 23. Nb3 e4 24. Nfd2 g6 25. Nb1 Nxb1 26. Rxb1 Na5 27. Qb2 Nc4 28.
Qe2 Nd6 29. Rc1 Ra8 30. Qb2 Rxa4 31. Rfc2 Ra7 32. d5+ Kg8 33. Nd4 Qf7 34. Ne6 Rc8 35.
Qxb4 Ne8 36. Qd4 Raa8 37. Qe5 c5 38. dxc6 Ra5 39. Qb2 Qxe6 40. Qxb6 Raa8 41. Rd2 Rab8 42. Qa7 Rb3 43. Rd7 Rxc6 44. Rcd1 Rd3 45. R1xd3 exd3 46. Re7 d2 47. Rxe6 d1=Q+ 48. Kh2 Rxe6 49. Qd7 Qd6+ 50.
Qxd6 Nxd6 0-1

[Event "Late-Titled-Tuesday-Blitz-April-02-2024"]
[Site "Chess.com"]
[Date "2024.04.02"]
[Round "6"]
[White "SergioMoralesG"]
[Black "HajiyevKanan"]
[Result "0-1"]
[WhiteElo "2417"]
[BlackElo "2615"]
[TimeControl "180+1"]
[EndTime "15:02:59 PDT"]
[Termination "HajiyevKanan won by resignation"]

1. d4 d5 2. c4 c6 3. Nf3 Nf6 4. Nc3 a6 5. e3 Bf5 6. Bd2 e6 7. Qb3 Ra7 8. c5 Be7 9. Be2 O-O 10. Qd1 h6 11. O-O a5 12. a3 b5 13. cxb6 Qxb6 14. Na4 Qc7 15. Rc1 Rb7 16. Ne5 Nfd7 17.
Nd3 Bd6 18. h3 e5 19. Ndc5 Nxc5 20. dxc5 Be7 21. b4 axb4 22. axb4 Nd7 23. b5 cxb5 24. c6 bxa4 25. cxb7 Qxb7 26. Qxa4 Qb2 27. Bg4 Bxg4 28. hxg4 Nf6 29. Bc3 Qb8 30. Rb1 Qd6 31. Bb4 Qe6 32. Bxe7 Qxe7 33. Qc6 Nxg4 34. Qxd5 Qh4 35. Rfc1 Qxf2+ 36. Kh1 Qh4+ 37. Kg1 Qh2+ 38. Kf1 Nxe3+ 0-1

[Event "Late-Titled-Tuesday-Blitz-April-02-2024"]
[Site "Chess.com"]
[Date "2024.04.02"]
[Round "6"]
[White "misterlamine"]
[Black "rhwr"]
[Result "0-1"]
[WhiteElo "2454"]
[BlackElo "2299"]
[TimeControl "180+1"]
[EndTime "15:02:59 PDT"]
[Termination "rhwr won by resignation"]

1. d4 c5 2. e3 d5 3. Nf3 Nc6 4. Be2 e6 5. O-O Nf6 6. b3 Be7 7. Bb2 O-O 8. Nbd2 b6 9. a3 Bb7 10. c4 Rc8 11. Rc1 cxd4 12. exd4 dxc4 13. Nxc4 Nd5 14.
Nce5 Nxe5 15. Nxe5 Rxc1 16. Bxc1 Bd6 17. Nc4 Nc3 18. Qd2 Nxe2+ 19. Qxe2 Bc7 20. Be3 b5 21.
Ne5 Qd5 22. Nf3 Qxb3 23. Rc1 Bd6 24. h3 Bxa3 25. Rc7 Qb1+ 26. Qf1 Qxf1+ 27. Kxf1 Bxf3 28. gxf3 a5 29. Rb7 b4 30. Bf4 a4 31. Bd6 Ra8 32. Ke2 g6 33. Kd3 Bb2 34. Bxb4 a3 35. Bxa3 Bxa3 36. Ke4 Bf8 37. f4 Bg7 38. Rd7 Kf8 39. f3 Ke8 40. Rd6 Ra4 0-1

[Event "Late-Titled-Tuesday-Blitz-April-02-2024"]
[Site "Chess.com"]
[Date "2024.04.02"]
[Round "6"]
[White "tgpgoat"]
[Black "Szachulec75"]
[Result "1-0"]
[WhiteElo "2436"]
[BlackElo "2056"]
[TimeControl "180+1"]
[EndTime "15:02:59 PDT"]
[Termination "tgpgoat won by resignation"]

1. Nf3 Nf6 2. g3 g6 3. Bg2 Bg7 4. O-O d6 5. d4 O-O 6. c4 Nbd7 7.
Nc3 e5 8. dxe5 dxe5 9. Nd5 c6 10. Nxf6+ Qxf6 11. Bg5 Qe6 12. Qc2 h6 13. Be3 Qe7 14.
a3 a5 15. c5 a4 16. Nd2 Nf6 17. Nc4 Bf5 18. Qc3 Ne4 19. Qb4 Ra7 20. Nd6 Nf6 21. Rfd1 Bc2 22. Rd2 Bb3 23. Bh3 Qc7 24. Qb6 Qxb6 25.
cxb6 Ra6 26. Nxb7 Nd5 27. Nc5 Rxb6 28. Nd7 Rb7 29. Nxf8 Bxf8 30. Bg2 f5 31. Rc1 f4 32. Bxd5+ Bxd5 33. gxf4 exf4 34. Bxf4 g5 35. Bg3 Bg7 36. f3 Bxb2 37. Rcc2 Bxa3 38. e4 Bf7 39. Rxc6 Bb4 40. Rd8+ Bf8 41. Bd6 a3 42. Bxa3 1-0

[Event "Late-Titled-Tuesday-Blitz-April-02-2024"]
[Site "Chess.com"]
[Date "2024.04.02"]
[Round "6"]
[White "DirtyKabab"]
[Black "FredddieCroderg"]
[Result "0-1"]
[WhiteElo "2551"]
[BlackElo "2402"]
[TimeControl "180+1"]
[EndTime "15:03:00 PDT"]
[Termination "FredddieCroderg won by resignation"]

1. e4 c6 2. d4 d5 3. e5 Bf5 4. Bd3 Bxd3 5. Qxd3 e6 6. Ne2 Qa5+ 7. c3 Qa6 8. Qd1 c5 9. Nd2 Qd3 10. h4 Nc6 11. Rh3 Qa6 12. a3 cxd4 13. cxd4 Nb4 14. Rc3 Nd3+ 15. Kf1 Nxc1 16. Raxc1 Ne7 17. Nb3 Nc6 18.
Kg1 Be7 19. h5 h6 20. Nc5 Bxc5 21. Rxc5 O-O 22. Qd2 Rac8 23. R1c3 Rc7 24. Rg3 Kh8 25. Rcc3 Rfc8 26. Nf4 Ne7 27. Rcf3 Nf5 28. Rg4 Rc1+ 29. Kh2 Qf1 30. Ng6+ fxg6 31. Rxf5 gxf5 32. Rg6 Qh1+ 33.
Kg3 Qxh5 34. Rxe6 Qg5+ 0-1

[Event "Late-Titled-Tuesday-Blitz-April-02-2024"]
[Site "Chess.com"]
[Date "2024.04.02"]
[Round "6"]
[White "jcibarra"]
[Black "DreamsAreFake"]
[Result "1-0"]
[WhiteElo "2967"]
[BlackElo "2747"]
[TimeControl "180+1"]
[EndTime "15:03:01 PDT"]
[Termination "jcibarra won by resignation"]

1. e4 c6 2. Nf3 d5 3. d3 g6 4. Qe2 Bg7 5. g3 Nd7 6. Bg2 e5 7. O-O Ne7 8. d4 dxe4 9. Nxe5 f5 10. Nxd7 Bxd7 11. c3 O-O 12. f3 exf3 13. Bxf3 Nd5 14. Qg2 Re8 15. Bxd5+ cxd5 16. Qxd5+ Kh8 17. Qxb7 Re2 18.
Qf3 Qe8 19. Na3 Rd8 20. d5 Bc8 21. Bg5 Rd7 22. Rad1 Ba6 23. c4 Bxb2 24. Nb5 Re4 25. Qf2 Bg7 26. Rfe1 Bxb5 27. cxb5 Bd4 28. Qxd4+ Kg8 29.
Rxe4 1-0

[Event "Late-Titled-Tuesday-Blitz-April-02-2024"]
[Site "Chess.com"]
[Date "2024.04.02"]
[Round "6"]
[White "DeArron_Fox"]
[Black "Kirill_Klukin"]
[Result "0-1"]
[WhiteElo "2530"]
[BlackElo "2788"]
[TimeControl "180+1"]
[EndTime "15:03:01 PDT"]
[Termination "Kirill_Klukin won on time"]

1. d4 Nf6 2. c4 Nc6 3. Nf3 e6 4. a3 d6 5. Nc3 g6 6. g3 Bg7 7. Bg2 O-O 8. O-O e5 9. Bg5 h6 10. Bxf6 Bxf6 11. d5 Ne7 12. Rc1 Bg7 13. b4 a5 14. c5 axb4 15. axb4 Bf5 16. Nd2 Qd7 17. Nc4 Nc8 18. e4 Bh3 19. Bxh3 Qxh3 20. Qe2 Kh7 21. Nb5 Qd7 22. Ne3 Na7 23. Nxa7 Rxa7 24. c6 Qc8 25. cxb7 Qxb7 26. b5 Rb8 27. Rb1 Ra5 28. Rfc1 h5 29.
Rc6 Qa7 30. Kg2 Bh6 31. b6 Rxb6 32. Rbxb6 cxb6 33. Rxd6 b5 34. Rd8 Ra2 35. Qf3 Bxe3 36.
Rf8 Rxf2+ 0-1

[Event "Late-Titled-Tuesday-Blitz-April-02-2024"]
[Site "Chess.com"]
[Date "2024.04.02"]
[Round "6"]
[White "Oleksandr_Bortnyk"]
[Black "Kacparov"]
[Result "1-0"]
[WhiteElo "3055"]
[BlackElo "2933"]
[TimeControl "180+1"]
[EndTime "15:03:05 PDT"]
[Termination "Oleksandr_Bortnyk won by resignation"]

1. e4 c5 2. Be2 Nc6 3. d3 g6 4. f4 Bg7 5. Nf3 d6 6. c3 Nh6 7. Be3 f5 8. Nbd2 b6 9. Ng5 e6 10. Qa4 Qc7 11. d4 O-O 12. e5 dxe5 13. dxe5 a6 14. O-O Rb8 15. Qb3 Na5 16. Qa3 Nc6 17.
Nc4 Rd8 18. Nd6 Bd7 19. Qxa6 Bf8 20. Rfd1 Ne7 21. Bc4 Nd5 22. Bxd5 exd5 23. Rxd5 Bc6 24. Qc4 b5 25. Qxc5 Rd7 26. Ne6 Bxd6 27. Rxd6 Qb7 28. Qxc6 1-0

[Event "Late-Titled-Tuesday-Blitz-April-02-2024"]
[Site "Chess.com"]
[Date "2024.04.02"]
[Round "6"]
[White "Mops_2004"]
[Black "Jospem"]
[Result "0-1"]
[WhiteElo "2802"]
[BlackElo "3043"]
[TimeControl "180+1"]
[EndTime "15:03:06 PDT"]
[Termination "Jospem won by resignation"]

1. g3 c5 2. Bg2 Nc6 3. c4 g6 4. Nc3 Bg7 5. d3 d6 6. Qd2 e6 7. b3 Nge7 8. Bb2 O-O 9. h4 d5 10. h5 b6 11. Nh3 d4 12. Ne4 f5 13. h6 Bh8 14. Neg5 Bf6 15. f4 Qd6 16. O-O-O Bd7 17. Kb1 Rab8 18. e4 dxe3 19. Qxe3 Nd4 20. Rhe1 b5 21.
Nf3 Rb6 22. Nxd4 cxd4 23. Qd2 Rc8 24. Ng1 a5 25. Qxa5 Ra6 26. Qd2 Qb6 27. Nf3 Qa7 28.
Ba1 Rb8 29. Ne5 bxc4 30. Nxd7 Rxb3+ 31. Kc1 Qxd7 32. dxc4 Qa4 33. Bxd4 Qa3+ 34. Kc2 Qxa2+ 0-1

[Event "Late-Titled-Tuesday-Blitz-April-02-2024"]
[Site "Chess.com"]
[Date "2024.04.02"]
[Round "6"]
[White "1g60-1"]
[Black "CURRUTACO59"]
[Result "1-0"]
[WhiteElo "2400"]
[BlackElo "2257"]
[TimeControl "180+1"]
[EndTime "15:03:12 PDT"]
[Termination "1g60-1 won on time"]

1. e4 e5 2. Nf3 Nc6 3. Bb5 Bc5 4. d3 Nd4 5. Nxd4 Bxd4 6. O-O c6 7. Bc4 Nf6 8. c3 Bb6 9. Bg5 h6 10. Bh4 d6 11. d4 Qe7 12. dxe5 dxe5 13. Nd2 g5 14. Bg3 h5 15. Nf3 Bg4 16. h3 h4 17. Bh2 Bh5 18.
Be2 Nd7 19. Nd2 Bxe2 20. Qxe2 O-O-O 21. a4 Nf6 22. a5 Bc7 23. a6 b6 24. Rfd1 Nh5 25. Qc4 Qf6 26. Nf3 Nf4 27. Bxf4 gxf4 28. Kh1 Rhg8 29. Nh2 1-0

[Event "Late-Titled-Tuesday-Blitz-April-02-2024"]
[Site "Chess.com"]
[Date "2024.04.02"]
[Round "6"]
[White "ozates"]
[Black "GMG"]
[Result "0-1"]
[WhiteElo "2558"]
[BlackElo "2773"]
[TimeControl "180+1"]
[EndTime "15:03:13 PDT"]
[Termination "GMG won by resignation"]

1. e4 c6 2. Nf3 d5 3. d3 g6 4. Nbd2 Bg7 5. g3 e5 6. Bg2 Ne7 7. O-O O-O 8. Re1 d4 9. Nc4 f6 10. a4 Be6 11. c3 c5 12. cxd4 cxd4 13. b4 Na6 14. b5 Nc5 15. Ba3 Rc8 16. Bxc5 Rxc5 17.
Nfd2 Qd7 18. f4 exf4 19. gxf4 b6 20. Qb3 Bh6 21. Rf1 Kh8 22. Qb2 Rh5 23. Nb3 Rd8 24.
e5 Bxc4 25. dxc4 fxe5 26. fxe5 Be3+ 27. Kh1 Qe6 28. Nd2 Nf5 29. Ne4 Qxe5 30. Bf3 Rh4 31.
Qg2 Re8 32. a5 Bf4 33. h3 Ne3 34. Rae1 Nxg2 35. Bxg2 Be3 36. Nd2 Rf4 0-1

[Event "Late-Titled-Tuesday-Blitz-April-02-2024"]
[Site "Chess.com"]
[Date "2024.04.02"]
[Round "6"]
[White "JoakimVonAnd"]
[Black "ImportedItalianMaple"]
[Result "1-0"]
[WhiteElo "2701"]
[BlackElo "2528"]
[TimeControl "180+1"]
[EndTime "15:03:15 PDT"]
[Termination "JoakimVonAnd won on time"]

1. Nf3 g6 2. g3 Bg7 3. Bg2 d5 4. c4 d4 5. d3 e5 6. b4 a5 7. b5 Ne7 8. O-O O-O 9. a4 Re8 10. Ba3 h6 11. Ra2 Be6 12. Re1 Nd7 13. e3 c5 14. bxc6 Nxc6 15. exd4 exd4 16. Rb2 Qc8 17. Nbd2 Nde5 18. Ne4 Bg4 19. Nxe5 Bxd1 20. Nd6 Qe6 21.
Bd5 Nxe5 22. Bxe6 Nf3+ 23. Kf1 Nxe1 24. Bxf7+ Kh7 25. Bxe8 Nf3 26. Rxb7 Nxh2+ 27. Ke1 Bf3 28. Rf7 Bg4 29. Bc6 Nf3+ 30. Bxf3 1-0

[Event "Late-Titled-Tuesday-Blitz-April-02-2024"]
[Site "Chess.com"]
[Date "2024.04.02"]
[Round "6"]
[White "elcala"]
[Black "trriinu"]
[Result "0-1"]
[WhiteElo "1802"]
[BlackElo "2277"]
[TimeControl "180+1"]
[EndTime "15:03:19 PDT"]
[Termination "trriinu won by resignation"]

1. d4 d5 2. Nf3 Nf6 3. Bf4 e6 4. e3 Bd6 5. Bg3 O-O 6. Nbd2 c5 7. c3 Nc6 8. Bd3 a6 9. Ne5 Bxe5 10. dxe5 Nd7 11. f4 f6 12. exf6 Nxf6 13. O-O c4 14.
Bb1 Qb6 15. Bf2 Qxb2 16. Qc1 Qxc1 17. Rxc1 e5 18. g3 Ng4 19. Rf1 Be6 20. Bc2 Rae8 21.
Rab1 Bc8 22. Kg2 exf4 23. exf4 Re2 24. Rbd1 Ne3+ 25. Kf3 Nxd1 26. Kxe2 Nxc3+ 27. Kf3 Nxa2 28.
Ba4 b5 29. Bc2 Nab4 30. Bb1 c3 31. Nb3 c2 32. Bc5 cxb1=Q 33. Rxb1 Re8 34. Bxb4 Nxb4 35. Nc5 Nc2 36. Rb3 Nd4+ 0-1

[Event "Late-Titled-Tuesday-Blitz-April-02-2024"]
[Site "Chess.com"]
[Date "2024.04.02"]
[Round "6"]
[White "Kotlyar_K"]
[Black "Aygehovit1992"]
[Result "0-1"]
[WhiteElo "2600"]
[BlackElo "2874"]
[TimeControl "180+1"]
[EndTime "15:03:22 PDT"]
[Termination "Aygehovit1992 won by resignation"]

1. e4 c5 2. Nf3 e6 3. d4 cxd4 4.
Nxd4 Nc6 5. Nc3 Qc7 6. g3 a6 7. Bg2 h5 8. h3 Bc5 9. Nb3 Ba7 10. Bf4 Qd8 11. Bd6 Nge7 12. Qd2 b5 13. e5 Bb7 14. O-O Nf5 15. Kh2 Nxd6 16. exd6 f5 17.
Rae1 O-O 18. Qe2 Qe8 19. Qd2 Qg6 20. Qf4 Rac8 21. Ne2 Ba8 22. Qh4 Qh6 23. Ned4 g5 24. Nxf5 Rxf5 25. Qe4 Ne5 26. Qe2 Bxg2 27. Kxg2 Rcf8 28.
f3 Nxf3 29. Rd1 g4 30. h4 Nxh4+ 31. gxh4 Rf2+ 0-1

[Event "Late-Titled-Tuesday-Blitz-April-02-2024"]
[Site "Chess.com"]
[Date "2024.04.02"]
[Round "6"]
[White "JACK_BAU3R"]
[Black "rcmz"]
[Result "0-1"]
[WhiteElo "1872"]
[BlackElo "2200"]
[TimeControl "180+1"]
[EndTime "15:03:25 PDT"]
[Termination "rcmz won on time"]

1. d4 d6 2. c3 Nd7 3. Nf3 h6 4.
e4 c6 5. Bd3 g5 6. h3 Bg7 7.
Nbd2 Nf8 8. e5 dxe5 9. Bc4 exd4 10. cxd4 b5 11. Bb3 Bxd4 12. Nxd4 Qxd4 13. O-O Be6 14. Re1 Rd8 15. Qc2 c5 16. Nf3 Qd6 17. Bxe6 Nxe6 18. Be3 Nd4 19. Bxd4 cxd4 20. Rad1 d3 21. Qc3 Nf6 22.
Re3 O-O 23. Rexd3 Qb6 24. Ne5 Rxd3 25. Rxd3 Qe6 26. Nf3 Qxa2 27. h4 Qb1+ 0-1

[Event "Late-Titled-Tuesday-Blitz-April-02-2024"]
[Site "Chess.com"]
[Date "2024.04.02"]
[Round "6"]
[White "Defend1r"]
[Black "Practical-Play"]
[Result "0-1"]
[WhiteElo "2644"]
[BlackElo "2513"]
[TimeControl "180+1"]
[EndTime "15:03:27 PDT"]
[Termination "Practical-Play won by checkmate"]

1. e4 e5 2. Nf3 Nc6 3. Bc4 Nf6 4. d4 exd4 5. e5 d5 6. Bb5 Ne4 7. Nxd4 Bc5 8. Be3 O-O 9. Nxc6 bxc6 10. Bxc5 Qg5 11.
O-O Bg4 12. f3 Bh3 13. Qe2 Nxc5 14. Bxc6 Ne6 15. Qd2 Nf4 16. Rf2 Qxe5 17. Bxa8 Qxb2 18. Qxf4 Qxa1 19. Rf1 Rxa8 20. gxh3 Qxa2 21. Qxc7 Qa6 22. Nd2 h6 23. Qe5 Rc8 24. Qxd5 Rxc2 25. Rf2 Rc1+ 26. Kg2 Qg6+ 27. Qg5 Qxg5# 0-1

[Event "Late-Titled-Tuesday-Blitz-April-02-2024"]
[Site "Chess.com"]
[Date "2024.04.02"]
[Round "6"]
[White "emeli_chess"]
[Black "Alexei_Gubajdullin"]
[Result "0-1"]
[WhiteElo "2426"]
[BlackElo "2625"]
[TimeControl "180+1"]
[EndTime "15:03:28 PDT"]
[Termination "Alexei_Gubajdullin won on time"]

1. d4 Nf6 2. c4 g6 3. Nc3 Bg7 4.
e4 d6 5. f3 O-O 6. Be3 c5 7. Nge2 Nc6 8. d5 Ne5 9. Ng3 e6 10. Be2 exd5 11. cxd5 h5 12. O-O h4 13. Nh1 a6 14. a4 Rb8 15. Nf2 Re8 16. h3 Nh5 17. f4 Ng3 18. fxe5 Nxf1 19. Qxf1 Bxe5 20.
Ng4 Bxg4 21. Bxg4 b5 22. Qf3 b4 23. Rf1 f5 24. Nd1 f4 25. Bxf4 Rf8 26. Be6+ Kh7 27.
Qg4 Qf6 28. Bxe5 Qxf1+ 29. Kh2 dxe5 30. Qxh4+ Kg7 31. Qe7+ Kh8 32. Qh4+ Kg7 33. Qe7+ Rf7 34. Bxf7 Qf6 35. Qxf6+ Kxf6 36. Be6 c4 37. Bg4 Ke7 38. Kg3 Rf8 39. Be2 Rc8 40. Ne3 c3 41. bxc3 bxc3 42. Nc2 a5 43. Kf2 Rb8 44. Bb5 Kd6 45. Ke3 Rf8 46. Kd3 Rf2 47. Kxc3 Rxg2 48. Ne3 Rg3 49.
Kd2 Kc5 0-1

[Event "Late-Titled-Tuesday-Blitz-April-02-2024"]
[Site "Chess.com"]
[Date "2024.04.02"]
[Round "6"]
[White "Blackmind96"]
[Black "sergiochess83"]
[Result "0-1"]
[WhiteElo "2757"]
[BlackElo "2969"]
[TimeControl "180+1"]
[EndTime "15:03:30 PDT"]
[Termination "sergiochess83 won by resignation"]

1. d4 d5 2. c4 c6 3. Nf3 Nf6 4. Nc3 dxc4 5. a4 a5 6. e4 Bg4 7. Bxc4 e6 8. Be3 Bb4 9. Qd3 Nbd7 10. Nd2 Bh5 11. h3 Bg6 12. O-O O-O 13. f4 h6 14.
f5 exf5 15. e5 Nd5 16. Nxd5 cxd5 17. Bxd5 Nxe5 18. dxe5 f4 19. Qb3 fxe3 20. Nf3 e2 21.
Rfc1 Rc8 22. e6 Rxc1+ 23. Rxc1 fxe6 24. Bxe6+ Kh8 25. Qc4 Qd3 26. Qg4 Qe3+ 27. Kh1 Qxc1+ 0-1